 Dungeon Crawl Stone Soup version 0.29.1-1-gd02db6906a (webtiles) character file.

Game seed: 9320503356177153889

24 Ashen the Insei (level 2, 0/31 HPs)
             Began as a Demonspawn Transmuter on Oct 8, 2022.
             Succumbed to a goblin's poison
             ... on level 1 of the Dungeon.
             The game lasted 00:01:17 (525 turns).

Ashen the Insei (Demonspawn Transmuter)              Turns: 525, Time: 00:01:17

Health: 0/31       AC: 21    Str: 10    XL:     2   Next: 79%
Magic:  5/5        EV:  2    Int: 14    God:
Gold:   11         SH:  0    Dex: 13    Spells: 4/5 levels left

rFire   . . .      SeeInvis .     - Unarmed
rCold   . . .      Faith    .   (no shield)
rNeg    . . .      Spirit   .   (body armour currently unavailable)
rPois   +          Reflect  .   (helmet currently unavailable)
rElec   .          Harm     .   (cloak currently unavailable)
rCorr   .          Rampage  .   (gloves currently unavailable)
Will    .....      NoTele   +   (boots currently unavailable)
Stlth   +.........              (no amulet)
HPRegen 0.10/turn               (no ring)
MPRegen 0.09/turn               (no ring)

@: lethally poisoned (0 -> -3), tree-form, studying Necromancy
A: stationary, stasis, torment immunity, boosted hp, (large bone plates 1)
a: no special abilities


You were on level 1 of the Dungeon.
You were a tree.
You visited 1 branch of the dungeon, and saw 1 of its levels.

You collected 11 gold pieces.

Inventory:

Armour
 a - a +0 robe (melded)


   Skills:
 + Level 1.5 Fighting
 + Level 2.1 Dodging
 + Level 2.9 Unarmed Combat
 + Level 2.2 Spellcasting
 + Level 2.1 Transmutations


You had 4 spell levels left.
You knew the following spells:

 Your Spells              Type           Power      Damage    Failure   Level
a - Beastly Appendage     Tmut           14%        N/A       10%         1

Your spell library contained the following spells:

 Spells                   Type           Power      Damage    Failure   Level
 Wereblood                Tmut           7%         N/A       14%         2
 Spider Form              Tmut/Pois      4%         N/A       41%         3
 Ice Form                 Ice/Tmut       4%         N/A       83%         4


Dungeon Overview and Level Annotations

Branches:
Dungeon (1/15)

Altars:

Shops:
D:1 (


Innate Abilities, Weirdness & Mutations

You are a tree.
Your roots penetrate the ground, keeping you stationary.
You cannot be teleported.
You are immune to unholy pain and torment.
Your maximum health is greatly increased.
Your equipment is partially melded.
((You are partially covered in large bone plates. (SH +4)))


Message History

You hit the quokka.
The quokka is heavily wounded.
You feel sick. The bat barely misses you. The quokka closely misses you.
The goblin hits you with a +2 dagger of venom.
You are lethally poisoned!
Really quaff the potion of lignification?
You turn into a tree.
Your +0 robe melds into your body.
Your roots penetrate the ground.
You feel very sick. The bat hits you but does no damage.
The quokka bites you but does no damage.
The goblin hits you but does no damage.
You are not religious.
You hit the quokka.
You kill the quokka!
You feel very sick. The bat hits you but does no damage.
The goblin hits you but does no damage.
You smack the bat!
You kill the bat!
* * * LOW HITPOINT WARNING * * *
You feel sick. The goblin hits you but does no damage.
You smack the goblin!
You kill the goblin!
* * * LOW HITPOINT WARNING * * *
You feel very sick.
You aren't carrying any potions.
* * * LOW HITPOINT WARNING * * *
You feel sick.
* * * LOW HITPOINT WARNING * * *
You feel sick.
* * * LOW HITPOINT WARNING * * *
You feel sick.
Unknown command.
You aren't carrying any potions.
You aren't carrying any items that you can evoke.
As you read the scroll labelled VAOKLIUBIE, it crumbles to dust.
You feel a strange sense of stasis.
It was a scroll of teleportation.
* * * LOW HITPOINT WARNING * * *
You feel sick.
You die...

####)...##........#.#
...........).####...#
###..#####....##.)..#
#......##......#.##.#
#..#.########...§...#
#......# ####.§.#####
#......# #....§.!#
##.#.#####.##._..##
#......##.....§.♣.#
#......##......)†.#
##.#.#.##.##...##.#
#......##....... ∩..
#......##.#.... .##.
#.##÷####...... .. #
#..†...##.#.#.# ..
#......##.#.#. ...
#<...###


There were no monsters in sight!

Vanquished Creatures
  2 dart slugs (D:1)
  2 endoplasms (D:1)
  A giant cockroach (D:1)
  4 goblins (D:1)
  4 jackals (D:1)
  2 kobolds (D:1)
  A quokka (D:1)
  A bat (D:1)
  A rat (D:1)
18 creatures vanquished.

Notes
Turn   | Place    | Note
-------+----------+-------------------------------------------
     0 | D:1      | Ashen the Demonspawn Transmuter began the quest for the
                  | Orb.
     0 | D:1      | Reached XP level 1. HP: 15/15 MP: 3/3
   252 | D:1      | Gained mutation: You are partially covered in large bone
                  | plates. (SH +4) [demonic ancestry]
   252 | D:1      | Reached XP level 2. HP: 13/21 MP: 3/5
   415 | D:1      | Found a faded altar of an unknown god.
   492 | D:1      | Found Ujitu's Antique Weapon Boutique.
   524 | D:1      | HP: 1/31 [poisoned by a goblin]
   525 | D:1      | Succumbed to a goblin's poison

Illustrated notes

Levels and vault maps discovered:
D:1:      dpeg_arrival_ternary, layout_basic, serial_shops,
          nicolae_shop_crystal, ebering_ecumenical_altar_mist,
          serial_park_tiny_2

Skill      XL: |  1  2 |
---------------+-------+-----
Dodging        | 2 |  2.1
Transmutations | 2 |  2.1
Fighting       | |  1.5
Unarmed Combat | |  2.9
Spellcasting   | |  2.2

Action                   || total
-------------------------++-------
Melee: Unarmed           ||    48
       Kick              ||     8
       Headbutt          ||     3
 Cast: Beastly Appendage ||     7
  Use: Scroll            ||     1
       Potion            ||     1
 Stab: Sleeping          ||     2
Armor: Robe              ||    10
       Skin              ||     6
Dodge: Dodged            ||    36
Block: Other             ||     4
